AoeStats
← Tolili

Glade

510618399Analyzed
1v1 RM · 1d ago on Oct 1, 2026· 38m 15s· 2 players
Game mode
Random Map
Map size
Tiny (2 player)
Population
200
Speed
Normal
Resources
Standard
Victory
Conquest
Starting age
Dark Age
Ending age
Imperial Age
RankedLock teamsTeams togetherTeam positionsShared explorationLock speedFull tech treeHidden civsTurbo modeCheats
Victory
Defeat
🇹🇷 Shu · Türkiye
1548
+11
🇪🇸 Japanese · Spain
1442
-11
Tolili
10:17 Feudal Age
10:18 Man-at-Arms
14:24 Fletching
17:59 Loom
19:05 Double-Bit Axe
23:28 Castle Age
21:39 Horse Collar
22:47 Padded Archer Armor
22:46 Gold Mining
24:58 Wheelbarrow
24:23 Bodkin Arrow
24:42 Long Swordsman
26:37 Town Watch
27:48 Bow Saw
29:13 Gold Shaft Mining
33:39 Imperial Age
31:54 Heavy Plow
32:21 Scale Mail Armor
33:46 Masonry
34:30 Chain Mail Armor
33:53 Capped Ram
34:11 Elite Skirmisher
37:33 Bracer
38:08 Ballistics
39:02 Two-Man Saw
Kr4mer
6:00 Loom
9:01 Feudal Age
9:01 Man-at-Arms
10:41 Arson
13:01 Fletching
14:22 Horse Collar
19:09 Double-Bit Axe
24:46 Castle Age
23:03 Scale Mail Armor
23:13 Forging
25:50 Bow Saw
26:46 Gold Mining
28:20 Wheelbarrow
28:38 Wheelbarrow
30:47 Imperial Age
28:42 Bodkin Arrow
28:31 Crossbowman
30:30 Ballistics
31:57 Thumb Ring
32:58 Conscription
33:49 Chemistry
32:52 Bracer
35:01 Siege Engineers
37:55 Padded Archer Armor
38:07 Arbalester
Connection lost

Rejoining the realm…

Still unreachable

The connection could not be restored.

Session expired

The server has moved on; the page needs a fresh start.